 Dungeon Crawl Stone Soup version 0.29.1-15-g9cfb28693d (webtiles) character file.

Game seed: 13722078172734637957

28 leafyfresh the Sneak (level 3, -4/26 HPs)
             Began as an Octopode Delver on Mar 4, 2023.
             Slain by a scorpion (5 damage)
             ... on level 5 of the Dungeon.
             The game lasted 00:00:09 (80 turns).

leafyfresh the Sneak (Octopode Delver)                Turns: 80, Time: 00:00:10

Health: -4/26      AC:  1    Str: 11    XL:     3   Next: 12%
Magic:  3/3        EV: 13    Int: 14    God:
Gold:   0          SH:  0    Dex: 13    Spells: 2/2 levels left

rFire   . . .      SeeInvis .   a - +0 short sword
rCold   . . .      Faith    .   (no shield)
rNeg    . . .      Spirit   .   (helmet restricted)
rPois   .          Reflect  .   (no amulet)
rElec   .          Harm     .   (no ring)
rCorr   .          Rampage  .   (no ring)
Will    .....                   (no ring)
Stlth   ++++......              (no ring)
HPRegen 0.08/turn               (no ring)
MPRegen 0.08/turn               (no ring)
                                (no ring)
                                (no ring)

@: lethally poisoned (-4 -> -8)
A: almost no armour, amphibious, 8 rings, camouflage 1, gelatinous body 1,
(nimble swimmer 1), tentacles
a: no special abilities


You were on level 5 of the Dungeon.
You visited 1 branch of the dungeon, and saw 1 of its levels.

Inventory:

Hand Weapons
 a - a +0 short sword (weapon)
Wands
 f - a wand of digging (3)
Scrolls
 b - a scroll of fog
 c - a scroll of magic mapping
 d - a scroll of fear
Potions
 e - a potion of haste


   Skills:
 + Level 3.3 Fighting
 + Level 2.4 Short Blades
 + Level 2.4 Dodging
 + Level 6.9 Stealth


You had 2 spell levels left.
You didn't know any spells.
Your spell library was empty.

Dungeon Overview and Level Annotations

Branches:
Dungeon (5/15)
 Temple: D:4-7

Altars:


Innate Abilities, Weirdness & Mutations

You cannot wear most types of armour.
You are amphibious.
You can wear up to eight rings at the same time.
Your skin changes colour to match your surroundings (Stealth+).
Your rubbery body absorbs attacks. (AC +1, EV +1)
((You are camouflaged when in or above water. (Stealth+)))
You have tentacles for arms and can constrict up to eight enemies at once.


Message History

You see here a +0 short sword.
Found a short sword.
No target in view!
A scorpion comes into view.
The scorpion moves out of view.
No target in view!
The scorpion misses you.
A scorpion is nearby!
You hit the scorpion. Your grab misses the scorpion.
You squeeze the scorpion, but do no damage.
The scorpion is moderately wounded.
The scorpion stings you. The scorpion stings you!
A scorpion is nearby!
You are too injured to fight recklessly!
You are too injured to fight recklessly!
You are too injured to fight recklessly!
Unknown command.
You hit the scorpion but do no damage. Your grab misses the scorpion.
The scorpion is moderately wounded.
The scorpion closely misses you.
You hit the scorpion but do no damage. Your grab misses the scorpion.
The scorpion is moderately wounded.
The scorpion barely misses you.
You barely miss the scorpion. You grab the scorpion.
The scorpion is moderately wounded.
You constrict the scorpion. The scorpion stings you.
You are poisoned.
The scorpion poisons you!
You hit the scorpion. You squeeze the scorpion.
The scorpion is heavily wounded.
You constrict the scorpion, but do no damage.
You feel sick.
The scorpion stings you but does no damage.
You hit the scorpion.
The scorpion is severely wounded.
You constrict the scorpion, but do no damage.
You feel sick. The scorpion stings you!
* * * LOW HITPOINT WARNING * * *
The scorpion stings you.
You die...

.# #...# .####### ###
#..># ........ ..#
#..## .#.########.#
####
..........#.##### ##
##.######.#.#... ..#
#).......#.#.####..#
#..####........$...#
##..###.......##@...#
....#.....#.####s...#
....#.#.###... .....#
...##.#.###.####....#
#...........# #.....#
#.###.#.#...# ##.####
#. #.#.#.#.. .. #.
#.#.# ### .. #) #.#.#


You could see a scorpion.

Vanquished Creatures
  A hound (D:5)
1 creature vanquished.

Notes
Turn   | Place    | Note
-------+----------+-------------------------------------------
     0 | D:5      | leafyfresh the Octopode Delver began the quest for the Orb.
     0 | D:5      | Reached XP level 1. HP: 16/16 MP: 1/1
    22 | D:5      | Noticed a hound
    29 | D:5      | Killed a hound
    30 | D:5      | Reached XP level 2. HP: 21/21 MP: 2/2
    30 | D:5      | Reached XP level 3. HP: 26/26 MP: 3/3
    72 | D:5      | Noticed a scorpion
    80 | D:5      | HP: 1/26 [scorpion (7)]
    80 | D:5      | Slain by a scorpion

Illustrated notes

Levels and vault maps discovered:
D:5:      layout_loops_ring, marbit_many_paths, nzn_wu_jian_contemplation,
          uniq_crazy_yiuf_cottage

Action                   || total
-------------------------++-------
Melee: Short sword       ||     7
       Tentacles         ||     2
       Constrict         ||     1
 Stab: Sleeping          ||     1
Armor: Skin              ||     1
Dodge: Dodged            ||     3
